Map: Altitude LE

Players

ShaDoWn

  • Race: Protoss Protoss
  • Spawn Location: 7:00

NightMare - Winner!

  • Race: Protoss Protoss
  • Spawn Location: 1:00

Event: ESL SC2 Masters 2023 Summer (Finals)

VOD

Have the link to the VOD?

Description

Time

  • Played on: June 16, 2023, 5 a.m.
  • Length: 14:58

All games in this series

Show
View Real Time Build Order
Export as new Build Order

ShaDoWn Protoss 

Build Orders: Oracle Opening 

Get SALT Encoding   

  12  0:00  Probe  
  13  0:12  Probe  
  14  0:17  Pylon  
  14  0:24  Probe  
  15  0:35  Gateway  
  15  0:37  Probe (Chrono Boost)  
  16  0:46  Probe (Chrono Boost), Assimilator  
  17  0:51  Probe (Chrono Boost)  
  18  1:03  Probe (Chrono Boost)  
  19  1:06  Assimilator  
  19  1:13  Gateway  
  19  1:15  Probe (Chrono Boost)  
  20  1:20  Probe (Chrono Boost)  
  21  1:26  Cybernetics Core  
  21  1:32  Probe  
  22  1:36  Pylon  
  22  1:44  Probe  
  23  1:56  Probe  
  24  2:04  Stalker  
  24  2:05  Pylon  
  24  2:06  Warp Gate  
  26  2:11  Stalker  
  26  2:14  Probe  
  29  2:26  Probe  
  29  2:33  Stargate  
  29  2:55  Probe  
  29  2:56  Shield Battery  
  30  3:00  Pylon  
  29  3:08  Probe  
  30  3:16  Oracle (Chrono Boost)  
  30  3:18  Nexus  
  33  3:20  Probe  
  34  3:28  Pylon  
  34  3:32  Probe  
  35  3:43  Oracle (Chrono Boost)  
  35  3:44  Probe  
  35  3:45  Twilight Council  
  39  3:56  Probe  
  39  4:01  Adept x2  
  44  4:08  Probe  
  45  4:21  Probe (Chrono Boost), Blink (Chrono Boost)  
  46  4:30  Probe (Chrono Boost)  
  47  4:34  Stalker  
  50  4:38  Probe (Chrono Boost)  
  50  4:40  Probe (Chrono Boost)  
  50  4:45  Probe x2 (Chrono Boost), Gateway  
  53  4:56  Probe, Stalker  
  53  4:57  Probe  
  57  5:01  Stalker  
  57  5:03  Pylon  
  59  5:08  Probe  
  59  5:09  Probe  
  59  5:12  Assimilator  
  61  5:15  Pylon  
  61  5:21  Probe  
  62  5:22  Stalker  
  62  5:23  Probe  
  64  5:28  Stalker  
  65  5:36  Probe  
  65  5:42  Stalker  
  68  5:46  Probe  
  68  5:48  Probe  
  69  5:53  Nexus  
  69  5:54  Pylon  
  69  5:58  Stalker  
  69  6:01  Probe x2  
  73  6:07  Stalker  
  75  6:13  Probe  
  75  6:14  Stalker  
  79  6:18  Probe  
  79  6:19  Shield Battery  
  79  6:22  Stalker  
  79  6:25  Probe  
  82  6:31  Stalker  
  84  6:33  Probe, Charge  
  84  6:37  Probe  
  86  6:42  Pylon  
  86  6:49  Pylon  
  86  7:00  Probe x2 (Chrono Boost)  
  86  7:01  Forge  
  88  7:02  Stalker x3  
  88  7:08  Probe (Chrono Boost)  
  96  7:10  Probe x2 (Chrono Boost)  
  96  7:15  Probe (Chrono Boost)  
  98  7:17  Probe x2 (Chrono Boost)  
  98  7:20  Probe (Chrono Boost)  
  98  7:22  Gateway  
  101  7:25  Stalker x3  
  101  7:26  Probe x2  
  101  7:29  Protoss Ground Weapons Level 1 (Chrono Boost)  
  109  7:34  Nexus  
  109  7:44  Gateway  
  109  7:46  Gateway  
  110  7:51  Gateway  
  110  7:52  Pylon, Gateway  
  109  8:05  Probe  
  108  8:07  Probe  
  108  8:09  Stalker x3  
  108  8:10  Probe  
  114  8:17  Probe  
  113  8:23  Gateway  
  113  8:24  Probe, Pylon  
  113  8:26  Gateway  
  114  8:28  Zealot  
  114  8:29  Probe x2  
  118  8:35  Zealot x2, Robotics Facility, Sentry  
  118  8:39  Pylon  
  118  8:40  Dark Shrine  
  124  8:43  Zealot x2  
  124  8:45  Probe  
  124  8:46  Zealot x2  
  135  8:51  Zealot  
  135  9:04  Stalker x5  
  135  9:09  Probe  
  144  9:10  Pylon  
  144  9:13  Zealot x2  
  144  9:14  Zealot  
  150  9:27  Probe  
  150  9:30  Pylon x2  
  151  9:31  Pylon  
  151  9:35  Observer (Chrono Boost)  
  151  9:37  Zealot x4  
  160  9:38  Zealot x2  
  160  9:44  Probe  
  157  9:47  Observer (Chrono Boost)  
  157  9:49  Probe  
  157  9:52  Probe  
  153  9:53  Probe  
  153  9:56  Probe  
  153  9:59  Protoss Ground Weapons Level 2 (Chrono Boost)  
  153  10:01  Probe  
  153  10:06  Stalker x6  
  162  10:10  Probe x3  
  162  10:13  Probe  
  164  10:17  Zealot x4, Photon Cannon  
  171  10:24  Probe  
  171  10:26  Probe  
  138  10:33  Probe  
  138  10:34  Zealot x4  
  113  10:37  Probe  
  97  10:44  Zealot x2  
  97  10:47  Probe (Chrono Boost)  
  97  10:49  Probe (Chrono Boost)  
  94  10:50  Probe (Chrono Boost)  
  94  10:56  Probe (Chrono Boost)  
  92  10:59  Probe (Chrono Boost)  
  92  11:02  Probe (Chrono Boost)  
  92  11:03  Probe (Chrono Boost)  
  93  11:06  Probe (Chrono Boost)  
  93  11:08  Probe (Chrono Boost)  
  93  11:10  Probe (Chrono Boost)  
  95  11:15  Probe x3 (Chrono Boost)  
  95  11:17  Probe  
  99  11:20  Shadow Stride (Chrono Boost)  
  99  11:25  Probe  
  100  11:26  Probe  
  100  11:27  Probe  
  100  11:29  Probe  
  103  11:37  Stalker x3  
  103  11:38  Probe x2 (Chrono Boost)  
  105  11:40  Probe (Chrono Boost)  
  105  11:41  Probe (Chrono Boost)  
  106  11:50  Probe (Chrono Boost)  
  106  11:51  Probe (Chrono Boost)  
  106  11:52  Probe (Chrono Boost)  
  106  11:53  Probe (Chrono Boost)  
  110  11:56  Probe (Chrono Boost), Observer  
  110  11:59  Probe (Chrono Boost)  
  110  12:01  Probe  
  109  12:06  Probe  
  109  12:07  Probe  
  112  12:10  Zealot x8  
  112  12:11  Zealot  
  112  12:13  Probe  
  131  12:15  Probe  
  131  12:18  Probe  
  133  12:24  Probe  
  134  12:32  Assimilator x2  
  134  12:38  Dark Templar x3  
  134  12:43  Dark Templar, Shield Battery  
  142  12:47  Photon Cannon  
  142  12:48  Probe  
  143  12:55  Zealot x3  
  149  13:12  Nexus  
  149  13:13  Pylon  
  149  13:18  Zealot, Dark Templar x2, Stalker  
  149  13:19  Zealot x2  
  153  13:24  Photon Cannon  
  143  13:45  Dark Templar  
  143  13:46  Zealot x5, Dark Templar x2  
  137  13:49  Probe  
  137  13:53  Probe  
  137  13:54  Probe  
  134  13:58  Probe  
  131  14:06  Stalker x4  
  131  14:07  Stalker  
  131  14:08  Zealot x2  
  145  14:13  Photon Cannon  
  145  14:15  Pylon  
  145  14:19  Zealot, Stalker x2  
  149  14:26  Probe  
  149  14:30  Stalker x3  
  149  14:31  Zealot x4  
  138  14:32  Probe x2  
  138  14:35  Probe  
  125  14:41  Stalker  
  109  14:47  Stalker x2  
  109  14:55  Zealot x4, Stalker x3  
Show
View Real Time Build Order
Export as new Build Order

NightMare Protoss - Winner!

Build Orders: Chargelot Immortal 

Get SALT Encoding   

  12  0:00  Probe  
  13  0:12  Probe  
  14  0:19  Pylon  
  14  0:24  Probe  
  15  0:37  Probe (Chrono Boost)  
  15  0:39  Gateway  
  16  0:46  Probe (Chrono Boost)  
  16  0:47  Assimilator  
  17  0:51  Probe (Chrono Boost)  
  18  1:03  Probe  
  19  1:15  Probe  
  20  1:21  Pylon, Assimilator  
  20  1:26  Cybernetics Core  
  20  1:28  Probe  
  20  1:32  Zealot  
  23  1:40  Probe  
  24  1:52  Probe  
  25  2:02  Adept (Chrono Boost)  
  27  2:09  Warp Gate  
  27  2:10  Probe  
  28  2:20  Pylon  
  28  2:27  Nexus  
  28  2:31  Sentry  
  30  2:41  Gateway  
  30  2:46  Shield Battery  
  29  2:55  Stalker (Chrono Boost)  
  31  3:06  Robotics Facility  
  29  3:14  Shield Battery  
  29  3:17  Probe  
  30  3:22  Sentry (Chrono Boost)  
  32  3:31  Probe, Sentry (Chrono Boost)  
  35  3:36  Pylon  
  35  3:41  Probe  
  36  3:43  Probe  
  37  3:53  Probe  
  38  3:55  Probe  
  38  4:00  Stalker x2  
  43  4:08  Warp Prism (Chrono Boost)  
  43  4:14  Probe  
  46  4:17  Probe  
  47  4:27  Probe (Chrono Boost)  
  47  4:29  Probe (Chrono Boost)  
  49  4:32  Adept x2  
  49  4:37  Observer  
  54  4:39  Probe (Chrono Boost)  
  54  4:41  Probe (Chrono Boost)  
  54  4:48  Probe (Chrono Boost)  
  54  4:50  Twilight Council  
  55  4:55  Stalker  
  55  4:56  Stalker  
  55  4:59  Probe  
  60  5:00  Probe  
  60  5:05  Pylon  
  61  5:11  Probe  
  62  5:15  Pylon  
  62  5:17  Probe  
  60  5:23  Probe  
  60  5:24  Blink (Chrono Boost)  
  61  5:30  Probe  
  62  5:38  Probe  
  62  5:42  Probe  
  62  5:43  Stalker x2  
  62  5:48  Pylon  
  66  5:50  Probe  
  66  5:54  Probe  
  68  5:59  Immortal  
  68  6:00  Assimilator  
  68  6:01  Gateway  
  68  6:03  Gateway  
  72  6:15  Stalker  
  72  6:16  Stalker  
  76  6:20  Probe x2  
  78  6:37  Nexus  
  78  6:42  Pylon, Shield Battery  
  78  6:47  Immortal (Chrono Boost)  
  78  6:53  Probe x2  
  84  7:02  Forge  
  84  7:06  Probe x2  
  86  7:14  Gateway  
  86  7:18  Probe x2  
  86  7:19  Immortal  
  86  7:20  Protoss Ground Weapons Level 1 (Chrono Boost)  
  86  7:22  Stalker  
  94  7:32  Pylon  
  94  7:39  Gateway  
  94  7:45  Dark Shrine  
  94  7:48  Probe x2  
  94  7:50  Gateway  
  96  7:52  Gateway  
  96  7:54  Charge  
  96  8:01  Probe x3  
  98  8:10  Stalker x3  
  104  8:13  Probe x2  
  106  8:20  Immortal (Chrono Boost)  
  106  8:25  Probe  
  106  8:26  Pylon x2  
  111  8:31  Zealot x2  
  115  8:35  Assimilator  
  115  8:36  Probe x2, Pylon  
  117  8:46  Adept  
  119  8:53  Pylon  
  119  8:57  Nexus  
  118  9:07  Dark Templar x4  
  124  9:12  Zealot x2, Protoss Ground Weapons Level 2 (Chrono Boost)  
  124  9:14  Zealot  
  124  9:15  Zealot  
  132  9:24  Warp Prism (Chrono Boost)  
  132  9:29  Pylon  
  132  9:35  Zealot x3  
  132  9:38  Pylon  
  138  9:41  Zealot  
  138  9:44  Dark Templar  
  142  9:50  Dark Templar x2  
  142  9:51  Observer  
  142  9:54  Photon Cannon  
  142  9:56  Observer (Chrono Boost)  
  137  10:14  Zealot x4  
  137  10:15  Zealot  
  147  10:27  Zealot x3  
  121  10:36  Zealot x5  
  83  10:51  Dark Templar x3  
  89  10:57  Gateway x2  
  89  10:58  Dark Templar  
  89  10:59  Zealot x3  
  89  11:00  Zealot  
  97  11:05  Archon x2  
  97  11:18  Probe x4  
  97  11:21  Shield Battery x2  
  97  11:22  Dark Templar x2  
  97  11:23  Stalker x2, Shield Battery  
  97  11:24  Stalker  
  109  11:33  Stalker x3  
  115  11:40  Probe x2  
  115  11:41  Probe x2  
  115  11:47  Photon Cannon  
  115  11:48  Photon Cannon  
  115  11:50  Photon Cannon  
  115  11:52  Stalker  
  117  11:54  Stalker  
  119  12:01  Stalker x2  
  119  12:04  Stalker  
  125  12:10  Stalker x3  
  125  12:14  Stalker  
  132  12:15  Probe x3  
  132  12:16  Probe  
  132  12:21  Assimilator  
  135  12:23  Stalker x2  
  135  12:28  Stalker  
  141  12:30  Zealot x2  
  141  12:33  Stalker  
  147  12:37  Stalker  
  147  12:40  Observer  
  149  12:44  Pylon, Zealot x3  
  149  12:47  Stalker  
  157  12:51  Stalker x2  
  157  12:54  Stalker  
  157  12:57  Stalker  
  157  12:58  Zealot  
  167  13:06  Pylon, Zealot  
  167  13:07  Pylon, Zealot  
  167  13:10  Stalker  
  169  13:24  Stalker x6  
  169  13:26  Stalker  
  183  13:28  Observer  
  169  13:38  Zealot x3  
  165  13:46  Observer (Chrono Boost)  
  165  13:47  Stalker x3  
  161  13:59  Photon Cannon  
  161  14:00  Probe x4, Photon Cannon  
  165  14:07  Observer (Chrono Boost)  
  165  14:08  Zealot x3  
  172  14:12  Probe x2  
  172  14:16  Dark Templar x2  
  176  14:28  Zealot x2  
  176  14:29  Zealot x3  
  168  14:32  Stalker  
  168  14:37  Stalker  
  156  14:49  Zealot x5  
Tags
 
Add a new tag
Caveats
  • Supply blocks, unpowered buildings, or Contaminate may cause inaccurate times.
  • Supply counts are checked every 10 seconds.